 Dungeon Crawl Stone Soup version 0.23.2-11-gf996548c65 (webtiles) character file.

Game seed: 4806582359613243348

3773 Kobolds4U the Slicer (level 9, 0/44 HPs)
             Began as a Spriggan Assassin on June 2, 2019.
             Was an Elder of Okawaru.
             Slain by a manticore (21 damage)
             ... on level 8 of the Dungeon on June 3, 2019.
             The game lasted 00:35:33 (12125 turns).

Kobolds4U the Slicer (Spriggan Assassin)           Turns: 12125, Time: 00:35:33

Health: 0/44       AC:  4    Str:  7    XL:     9   Next: 94%
Magic:  22/22      EV: 25    Int: 11    God:    Okawaru [****..]
Gold:   38         SH:  0    Dex: 20    Spells: 8/8 levels left

rFire    . . .     SeeInvis +   a - +0 rapier
rCold    . . .     Gourm    .   (shield restricted)
rNeg     + . .     Faith    .   L - +1 robe of the Orcish Mines {rPois rN+ Int-2} (curse)
rPois    +         Spirit   .   (helmet restricted)
rElec    .         Reflect  .   d - +0 cloak
rCorr    .         Harm     .   (gloves unavailable)
MR       +....                  (boots unavailable)
Stlth    +++++.....             (no amulet)
HPRegen  0.14/turn              C - ring of magical power
MPRegen  0.18/turn              (no ring)

@: very quick
A: very small, unfitting armour, see invisible, herbivore, speed 3, slow
metabolism 2
a: Heroism, Renounce Religion


You were on level 8 of the Dungeon.
You worshipped Okawaru.
Okawaru was greatly pleased with you.
You were near starving.

You visited 1 branch of the dungeon, and saw 8 of its levels.

You collected 328 gold pieces.
You spent 290 gold pieces at shops.

Inventory:

Hand Weapons
 a - a +0 rapier (weapon)
 b - a +0 blowgun
 c - a +2 dagger
 F - a +2 dagger of venom
 J - a +0 shortbow
Missiles
 e - 23 poisoned needles
 o - 99 bolts
 w - 6 curare-tipped needles
 y - 4 tomahawks (quivered)
 K - 11 arrows
Armour
 d - a +0 cloak (worn)
 v - a +2 robe of cold resistance
 L - the cursed +1 robe of the Orcish Mines (worn) {rPois rN+ Int-2}
   (You bought it in a shop on level 8 of the Dungeon)

   It affects your intelligence (-2).
   It protects you from poison.
   It protects you from negative energy.
   It has a curse placed upon it.
Jewellery
 C - a ring of magical power (left hand)
 I - an uncursed ring of fire
Wands
 r - a wand of polymorph (11)
 t - a wand of iceblast (7)
 N - a wand of disintegration (8)
Scrolls
 j - 5 scrolls of teleportation
 k - 6 scrolls of remove curse
 l - a scroll of fog {unknown}
 p - 3 scrolls of amnesia {unknown}
 q - a scroll of fear {unknown}
 s - 2 scrolls of immolation {unknown}
 u - a scroll of random uselessness {unknown}
 B - a scroll of enchant weapon {unknown}
 D - a scroll of blinking {unknown}
 G - a scroll of enchant armour {unknown}
Potions
 f - 2 potions of resistance
 h - a potion of agility
 i - a potion of might
 m - 2 potions of mutation
 n - 2 potions of brilliance
 x - 2 potions of heal wounds
 z - 3 potions of cancellation
 A - a potion of curing
 E - 2 potions of lignification {unknown}
 H - 3 potions of berserk rage {unknown}
 M - a potion of haste {unknown}
Comestibles
 g - 17 rations


   Skills:
 - Level 3.0 Fighting
 + Level 10.9 Short Blades
 - Level 2.0 Throwing
 - Level 8.6 Dodging
 * Level 10.8 Stealth
 - Level 5.0 Invocations


You had 8 spell levels left.
You didn't know any spells.
Your spell library contained the following spells:

 Spells                   Type           Power        Failure   Level  Hunger
 Animate Skeleton         Necr           N/A          34%         1    ##.....
 Apportation              Tloc           #.....       34%         1    ##.....
 Confusing Touch          Hex            #.....       34%         1    ##.....
 Summon Small Mammal      Summ           #...         34%         1    ##.....


Dungeon Overview and Level Annotations

Branches:
Dungeon (8/15)             Temple (0/1) D:7
   Lair: D:8-11

Altars:
Cheibriados
Dithmenos
Okawaru
Zin
The Shining One

Shops:
D:6 !   D:8 [

Annotations:
D:5 1 runed translucent door, Zasran's ghost, novice DrCj


Innate Abilities, Weirdness & Mutations

You are very small and have problems with some larger weapons.
You are too small for most types of armour.
You have supernaturally acute eyesight. (SInv)
You are a herbivore.
You cover ground extremely quickly.
You need to consume almost no food.


Message History

You hit the manticore.
The manticore is almost dead.
The manticore misses you. The manticore completely misses you.
The manticore misses you.
You barely miss the manticore.
The manticore is almost dead.
You barely miss the manticore.
The manticore is almost dead.
The manticore bites you but does no damage.
The manticore completely misses you. The manticore claws you.
You hit the manticore.
The manticore is almost dead.
The manticore barely misses you. The manticore completely misses you.
The manticore closely misses you.
You barely miss the manticore.
The manticore is almost dead.
You barely miss the manticore.
The manticore is almost dead.
The manticore bites you!!
You die...

.#####.#........
#............##
##.####.#.....#
#.##...##
#.....## #####.#
#.# ##'## #.@.#
#..H..#
#.......#
#.........#
+.[.......+
#.........#
##.......##
##....$##


You could see a manticore.

Vanquished Creatures
  2 centaur zombies
  Joseph (D:7)
  Sigmund (D:5)
  4 hogs (D:7)
  A human (D:7)
  Edmund (D:3)
  Duvessa (D:5)
  An orc warrior (D:5)
  A phantom (D:7)
  2 sky beasts
  4 ogres
  A centaur (D:7)
  2 bullfrogs (D:7)
  3 scorpions (D:4)
  A water moccasin skeleton (D:7)
  Dowan (D:5)
  4 crimson imps
  3 hounds
  A bullfrog skeleton (D:7)
  A jelly (D:5)
  An orc priest (D:7)
  2 orc wizards
  2 centaur skeletons
  Ijyb (D:5)
  7 worker ants
  A hound zombie (D:5)
  A hound skeleton (D:4)
  3 gnolls (D:4)
  8 adders
  2 shadow imps
  3 oozes
  An adder skeleton (D:7)
  6 worms
  2 dart slugs
  7 leopard geckos
  11 orcs
  6 bats
  3 giant cockroaches
  4 goblins
  5 hobgoblins
  10 jackals
  13 kobolds
  2 quokkas
  8 frilled lizards
  A quokka zombie (D:5)
  6 rats
152 creatures vanquished.

Notes
Turn   | Place    | Note
-------+----------+-------------------------------------------
     0 | D:1      | Kobolds4U the Spriggan Assassin began the quest for the
                  | Orb.
     0 | D:1      | Reached XP level 1. HP: 10/10 MP: 2/2
   184 | D:1      | Reached XP level 2. HP: 9/15 MP: 3/3
  1008 | D:2      | Found a glowing golden altar of the Shining One.
  1008 | D:2      | Found an iron altar of Okawaru.
  1008 | D:2      | Found a snail-covered altar of Cheibriados.
  1013 | D:2      | Became a worshipper of Warmaster Okawaru
  1049 | D:2      | Reached XP level 3. HP: 19/19 MP: 4/4
  1618 | D:2      | Reached XP level 4. HP: 18/24 MP: 5/5
  3206 | D:3      | Reached XP level 5. HP: 28/28 MP: 6/6
  3244 | D:3      | Found a faded altar of an unknown god.
  3518 | D:4      | Noticed a sky beast
  3540 | D:4      | Noticed Edmund
  3798 | D:3      | Killed a sky beast
  3798 | D:3      | Reached * piety under Okawaru
  3798 | D:3      | Reached skill level 5 in Short Blades
  3997 | D:3      | Killed Edmund
  3997 | D:3      | Reached skill level 1 in Invocations
  3997 | D:3      | Reached XP level 6. HP: 18/32 MP: 7/7
  4889 | D:4      | Reached XP level 7. HP: 19/36 MP: 9/9
  5139 | D:4      | Found a glowing silver altar of Zin.
  5159 | D:4      | Reached skill level 5 in Dodging
  5842 | D:5      | Entered Level 5 of the Dungeon
  5926 | D:5      | Noticed Sigmund
  6289 | D:5      | Noticed Ijyb
  6291 | D:5      | Killed Ijyb
  6349 | D:5      | Killed Sigmund
  6349 | D:5      | Reached ** piety under Okawaru
  6397 | D:5      | Reached XP level 8. HP: 27/40 MP: 11/11
  6574 | D:5      | Noticed Duvessa
  6577 | D:5      | Noticed Dowan
  7417 | D:5      | Killed Dowan
  7524 | D:5      | Found a runed translucent door.
  7524 | D:5      | Noticed Zasran's ghost (novice DrCj)
  7965 | D:5      | Killed Duvessa
  8742 | D:6      | Found Gifusap's Distillery.
  8749 | D:6      | Bought a potion of degeneration for 11 gold pieces
  8749 | D:6      | Bought a potion of heal wounds for 55 gold pieces
  8750 | D:6      | Bought a potion of heal wounds for 55 gold pieces
  8750 | D:6      | Bought a potion of might for 44 gold pieces
  9000 | D:6      | Found an iron altar of Okawaru.
  9584 | D:6      | Reached XP level 9. HP: 37/44 MP: 13/13
  9652 | D:6      | Found a shadowy altar of Dithmenos.
  9903 | D:7      | Reached *** piety under Okawaru
  9903 | D:7      | Reached skill level 5 in Invocations
  9905 | D:7      | Found a staircase to the Ecumenical Temple.
 10089 | D:7      | Reached skill level 10 in Short Blades
 11591 | D:7      | Noticed Joseph
 11597 | D:7      | Killed Joseph
 11597 | D:7      | Reached **** piety under Okawaru
 11597 | D:7      | Reached skill level 10 in Stealth
 11899 | D:8      | Found Hiuckein's Antique Armour Emporium.
 11907 | D:8      | Bought a fabulously ornate robe for 125 gold pieces
 11917 | D:8      | Identified the cursed +1 robe of the Orcish Mines {rPois
                  | rN+ Int-2} (You bought it in a shop on level 8 of the
                  | Dungeon)
 12100 | D:8      | Noticed a manticore
 12125 | D:8      | Slain by a manticore

Skill      XL: |  1  2  3  4  5  6  7  8  9 |
---------------+----------------------------+-----
Fighting       | 2 3 |  3.0
Short Blades   | 3 4 5 6 7 9 10 | 10.9
Dodging        | 2 4 6 8 |  8.6
Invocations    | 1 3 4 5 |  5.0
Stealth        | 10 | 10.8
Throwing       | |  2.0

Action                   |  1- 3 |  4- 6 |  7- 9 || total
-------------------------+-------+-------+-------++-------
Melee: Dagger            |   148 |   187 |   229 ||   564
       Rapier            |       |       |   335 ||   335
       Punch             |       |       |     1 ||     1
 Fire: Blowgun           |    17 |    73 |   123 ||   213
Invok: Heroism           |       |       |     1 ||     1
  Use: Scroll            |       |       |     8 ||     8
 Stab: Sleeping          |    11 |    12 |    14 ||    37
       Distracted        |       |       |     1 ||     1
  Eat: Ration            |       |       |     4 ||     4
Armor: Robe              |    13 |    11 |    35 ||    59
Dodge: Dodged            |   109 |   144 |   402 ||   655
